 Dungeon Crawl Stone Soup version 0.29-a0-275-g389c0b56f3 (webtiles) character file.

Game seed: 8096970447334658397

364 sanka the Ducker (level 6, -2/53 HPs)
             Began as a Gnoll Monk on Mar 11, 2022.
             Was a Believer of Cheibriados.
             Slain by a gnoll
             ... wielding a +0 spear
              (7 damage)
             ... on level 5 of the Dungeon.
             The game lasted 00:06:40 (3826 turns).

sanka the Ducker (Gnoll Monk)                       Turns: 3826, Time: 00:06:41

Health: -2/53      AC:  5    Str: 14    XL:     6   Next: 67%
Magic:  9/9        EV: 16    Int: 16    God:    Cheibriados [**....]
Gold:   267        SH:  0    Dex: 18    Spells: 9/9 levels left

rFire   . . .      SeeInvis .   r - +1 dagger (elec)
rCold   . . .      Faith    .   (no shield)
rNeg    . . .      Spirit   .   b - +0 robe
rPois   .          Reflect  .   (no helmet)
rElec   .          Harm     .   (no cloak)
rCorr   .          Rampage  .   (no gloves)
Will    .....                   k - +2 pair of boots
Stlth   +.........              (no amulet)
HPRegen 0.17/turn               (no ring)
MPRegen 0.11/turn               (no ring)

@: confused, about to teleport, ambrosia-drunk, very slow
A: fangs 1, strong nose, distributed training
a: Renounce Religion, Bend Time


You were on level 5 of the Dungeon.
You worshipped Cheibriados.
Cheibriados was pleased with you.
You visited 2 branches of the dungeon, and saw 6 of its levels.

You collected 267 gold pieces.


Innate Abilities, Weirdness & Mutations

You have very sharp teeth.
Your uncanny sense of smell can sniff out nearby items.
Your experience applies equally to all skills.


   Skills:
 + Level 6.8 Fighting
 + Level 2.0 Short Blades
 + Level 2.0 Long Blades
 + Level 6.8 Axes
 + Level 2.0 Maces & Flails
 + Level 2.0 Polearms
 + Level 2.0 Staves
 + Level 2.0 Slings
 + Level 2.0 Bows
 + Level 2.0 Crossbows
 + Level 2.0 Throwing
 + Level 2.0 Armour
 + Level 6.8 Dodging
 + Level 4.6 Stealth
 + Level 2.0 Shields
 + Level 2.0 Unarmed Combat
 + Level 2.0 Spellcasting
 + Level 1.6 Conjurations
 + Level 1.6 Hexes
 + Level 1.6 Summonings
 + Level 1.6 Necromancy
 + Level 1.6 Translocations
 + Level 1.6 Transmutations
 + Level 1.6 Fire Magic
 + Level 1.6 Ice Magic
 + Level 1.6 Air Magic
 + Level 1.6 Earth Magic
 + Level 1.6 Poison Magic
 + Level 2.2 Invocations
 + Level 2.0 Evocations


You had 9 spell levels left.
You didn't know any spells.
Your spell library contained the following spells:

 Spells                   Type           Power      Damage    Failure   Level
 Blink                    Tloc           12%        N/A       16%         2
 Gell's Gravitas          Tloc           6%         N/A       32%         3
 Lesser Beckoning         Tloc           6%         N/A       32%         3
 Teleport Other           Tloc           6%         N/A       32%         3
 Manifold Assault         Tloc           6%         N/A       96%         5
 Storm Form               Tmut/Air       3%         N/A       100%        7

Inventory:

Hand Weapons
 a - a +0 hand axe
 r - a +1 dagger of electrocution (weapon)
Armour
 b - a +0 robe (worn)
 k - a +2 pair of boots (worn)
Jewellery
 l - a ring of see invisible
Scrolls
 d - a scroll of summoning {unknown}
 e - a scroll of magic mapping {unknown}
 h - a scroll of blinking {unknown}
 i - 2 scrolls of enchant armour {unknown}
 j - a scroll of fog {unknown}
 n - 2 scrolls of teleportation {@r4}
 q - 2 scrolls of identify {@r1}
 s - a scroll of torment {unknown}
Potions
 f - a potion of invisibility {unknown}
 g - a potion of curing {unknown}
 m - a potion of might {unknown}
 o - a potion of haste {@q3}
 p - a potion of berserk rage {unknown}

Dungeon Overview and Level Annotations

Branches:
Dungeon (5/15)             Temple (1/1) D:5

Altars:
Ashenzari
Cheibriados
Dithmenos
Elyvilon
Fedhas
Gozag
Hepliaklqana
Kikubaaqudgha
Makhleb
Qazlal
Ru
Sif Muna
Trog
Uskayaw
Vehumet
Wu Jian
Xom
Zin
The Shining One

Shops:
D:1 [   D:2 :   D:4 !

Annotations:
D:5 Ijyb

>.............▒..
..............▒.▒
▒..............▒▒
▒▒...............▒
.................▒
................▒ ..
▒....†▒......▒▒....
▒....g▒▒...........
▒..▒.▒..▒▒g.>▒▒..▒.
.▒▒..▒▒.▒▒..▒▒g.▒
....▒▒...▒▒...g.▒
.......>.......▒▒
....▒▒.).▒▒.......
.▒▒..▒▒.▒▒..▒▒......
▒..▒.▒..▒▒........
▒.....▒▒.........
▒..▒.....▒......▒.▒▒


You could see a gnoll shaman and a gnoll (fast).


Message History

The gnoll hits you from afar with a +0 spear.
* * * LOW HITPOINT WARNING * * *
As you read the scroll labelled MAOGHY GISTRU, it crumbles to dust.
It is a scroll of identify.
n - 3 scrolls of teleportation The gnoll hits you but does no damage.
The gnoll shaman misses you.
As you read the scroll of teleportation {@r4}, it crumbles to dust.
You feel strangely unstable.
The gnoll hits you from afar with a +0 spear.
* * * LOW HITPOINT WARNING * * *
The gnoll shaman hits you with a +0 whip.
* * * LOW HITPOINT WARNING * * *
The gnoll hits you from afar with a +0 spear.
* * * LOW HITPOINT WARNING * * *
Unknown command.
You are confused.
You feel invigorated. The gnoll hits you but does no damage.
The gnoll shaman misses you.
A gnoll comes into view. It is wielding a +0 spear.
Unknown command.
The gnoll shouts!
The gnoll hits you from afar with a +0 spear.
* * * LOW HITPOINT WARNING * * *
The gnoll shaman hits you with a +0 whip.
* * * LOW HITPOINT WARNING * * *
The gnoll completely misses you.
The gnoll hits you from afar with a +0 spear!
You die...

Action                   |  1- 3 |  4- 6 || total
-------------------------+-------+-------++-------
Melee: Hand axe          |    74 |   138 ||   212
       Bite              |     9 |    24 ||    33
       Punch             |     1 |     3 ||     4
       Dagger            |       |    68 ||    68
  Use: Scroll            |       |     2 ||     2
       Potion            |       |     1 ||     1
 Stab: Sleeping          |     7 |    12 ||    19
Armor: Robe              |    11 |    34 ||    45
Dodge: Dodged            |    76 |   156 ||   232

Levels and vault maps discovered:
D:1:      minmay_arrival_semitransparent, layout_rooms, serial_shops, shop,
          hangedman_decor_points
D:2:      layout_basic, serial_shops, nicolae_shop_hallway_stairs,
          minmay_tetromino_o4
D:3:      layout_basic, kiku_gazebo_pond_becter, minmay_randomly_rotated_circles
D:4:      layout_gridville, mainiacjoe_overflow_boulevard, doesnt_xom_only_xom,
          serial_shops, shop
D:5:      layout_cave_pools, minmay_temple_entry_waves, kennysheep_minor_cross,
          amcnicky_mini_pool_small, uniq_ijyb
Temple:   eino_temple_scatter_basement

Notes
Turn   | Place    | Note
-------+----------+-------------------------------------------
     0 | D:1      | sanka the Gnoll Monk began the quest for the Orb.
     0 | D:1      | Reached XP level 1. HP: 23/23 MP: 1/1
    81 | D:1      | Reached XP level 2. HP: 24/29 MP: 2/2
   304 | D:1      | Found Reehu's Armour Shop.
   400 | D:2      | Reached XP level 3. HP: 25/35 MP: 3/3
   725 | D:2      | Reached skill level 1 in Invocations
   782 | D:2      | Reached skill level 1 in Short Blades
   782 | D:2      | Reached skill level 1 in Long Blades
   782 | D:2      | Reached skill level 1 in Maces & Flails
   782 | D:2      | Reached skill level 1 in Polearms
   782 | D:2      | Reached skill level 1 in Staves
   782 | D:2      | Reached skill level 1 in Slings
   782 | D:2      | Reached skill level 1 in Bows
   782 | D:2      | Reached skill level 1 in Crossbows
   782 | D:2      | Reached skill level 1 in Throwing
   782 | D:2      | Reached skill level 1 in Armour
   782 | D:2      | Reached skill level 1 in Shields
   782 | D:2      | Reached skill level 1 in Unarmed Combat
   782 | D:2      | Reached skill level 1 in Spellcasting
   782 | D:2      | Reached skill level 1 in Evocations
   889 | D:1      | Reached XP level 4. HP: 37/41 MP: 5/5
  1473 | D:2      | Found Lorr's Book Boutique.
  1822 | D:3      | Reached skill level 1 in Conjurations
  1822 | D:3      | Reached skill level 1 in Hexes
  1822 | D:3      | Reached skill level 1 in Summonings
  1822 | D:3      | Reached skill level 1 in Necromancy
  1822 | D:3      | Reached skill level 1 in Translocations
  1822 | D:3      | Reached skill level 1 in Transmutations
  1822 | D:3      | Reached skill level 1 in Fire Magic
  1822 | D:3      | Reached skill level 1 in Ice Magic
  1822 | D:3      | Reached skill level 1 in Air Magic
  1822 | D:3      | Reached skill level 1 in Earth Magic
  1822 | D:3      | Reached skill level 1 in Poison Magic
  2279 | D:3      | Reached XP level 5. HP: 40/47 MP: 5/7
  2448 | D:3      | Found an ancient bone altar of Kikubaaqudgha.
  2674 | D:4      | Found Wepsunk's Distillery.
  3073 | D:4      | Found a blossoming altar of Fedhas.
  3192 | D:4      | Reached XP level 6. HP: 49/53 MP: 8/8
  3199 | D:4      | Reached skill level 2 in Invocations
  3432 | D:4      | Reached skill level 2 in Short Blades
  3432 | D:4      | Reached skill level 2 in Long Blades
  3432 | D:4      | Reached skill level 2 in Maces & Flails
  3432 | D:4      | Reached skill level 2 in Polearms
  3432 | D:4      | Reached skill level 2 in Staves
  3432 | D:4      | Reached skill level 2 in Slings
  3432 | D:4      | Reached skill level 2 in Bows
  3432 | D:4      | Reached skill level 2 in Crossbows
  3432 | D:4      | Reached skill level 2 in Throwing
  3432 | D:4      | Reached skill level 2 in Armour
  3432 | D:4      | Reached skill level 2 in Shields
  3432 | D:4      | Reached skill level 2 in Unarmed Combat
  3432 | D:4      | Reached skill level 2 in Spellcasting
  3432 | D:4      | Reached skill level 2 in Evocations
  3461 | D:4      | Found a shimmering blue altar of Sif Muna.
  3468 | D:4      | Found an opulent altar of Gozag.
  3468 | D:4      | Found a shimmering altar of Xom.
  3470 | D:4      | Found a stormy altar of Qazlal.
  3470 | D:4      | Found an ornate altar of the Wu Jian Council.
  3470 | D:4      | Found a glowing golden altar of the Shining One.
  3554 | D:5      | Entered Level 5 of the Dungeon
  3554 | D:5      | Found a staircase to the Ecumenical Temple.
  3563 | Temple   | Entered the Ecumenical Temple
  3720 | Temple   | Became a worshipper of Cheibriados the Contemplative
  3720 | Temple   | Reached * piety under Cheibriados
  3720 | Temple   | Reached ** piety under Cheibriados
  3804 | D:5      | Noticed Ijyb
  3823 | D:5      | HP: 5/53 [gnoll shaman/+0 whip (5)]
  3823 | D:5      | HP: 1/53 [gnoll/+0 spear (4)]
  3826 | D:5      | Slain by a gnoll

Vanquished Creatures
  A phantom (D:4)
  A scorpion (D:4)
  A howler monkey (D:5)
  9 adders
  A worm (D:2)
  2 dart slugs
  10 orcs
  7 bats
  8 endoplasms
  3 giant cockroaches
  5 goblins
  4 hobgoblins
  13 jackals
  10 kobolds
  2 quokkas
  7 ball pythons
  6 frilled lizards
  4 rats
94 creatures vanquished.
